 Dungeon Crawl Stone Soup version 0.30-a0-358-g0d69a1922f (webtiles) character file.

Game seed: 17481981970316066597

1015 snetch the Magician (level 8, -5/45 HPs)
             Began as a Djinni Fire Elementalist on Nov 10, 2022.
             Was a Believer of Hepliaklqana.
             Shot with an arrow by a centaur (11 damage)
             ... on level 5 of the Dungeon.
             The game lasted 00:16:16 (3831 turns).

snetch the Magician (Djinni Fire Elementalist)      Turns: 3831, Time: 00:16:19

Health: -5/45      AC:  5    Str:  7    XL:     8   Next: 45%
Gold:   208        EV: 10    Int: 20    God:    Hepliaklqana [**....] SH:  0 Dex: 13

rFire   + + .      SeeInvis .    v - +2 dagger (drain)
rCold   . . .      Faith    .    (no shield)
rNeg    . . .      Spirit   .    k - +0 ring mail
rPois   ∞          Reflect  .    (no helmet)
rElec   .          Harm     .    (no cloak)
rCorr   .          Rampage  .    (no gloves)
Will    .....                    (boots unavailable)
Stlth   +.........               (no amulet)
HPRegen 0.27/turn                o - +4 ring of slaying
MPRegen 0.00/turn                u - ring of protection from cold

@: flying
A: reduced essence, sickness immunity, fire resistance 2, cold vulnerability 1,
float, innate caster, HP casting, extra vitality 1
a: Renounce Religion, Recall Ancestor, Ancestor Identity


You were on level 5 of the Dungeon.
You worshipped Hepliaklqana.
Hepliaklqana was pleased with you.
You visited 1 branch of the dungeon, and saw 6 of its levels.

You collected 208 gold pieces.

Inventory:

Hand Weapons
 v - a +2 dagger of draining (weapon)
Missiles
 a - 8 poisoned darts
 h - 55 stones
Armour
 k - a +0 ring mail (worn)
Jewellery
 o - a +4 ring of slaying (left hand)
 r - a ring of resist corrosion
 u - a ring of protection from cold (right hand)
Scrolls
 b - 3 scrolls of blinking {unknown}
 e - 3 scrolls of noise {unknown}
 g - 3 scrolls of fear {unknown}
 i - 3 scrolls of teleportation {unknown}
 l - 2 scrolls of enchant armour {unknown}
 p - 2 scrolls of identify {unknown}
 q - a scroll of enchant weapon {unknown}
 s - a scroll of butterflies {unknown}
 t - a scroll of poison {unknown}
 w - a scroll of immolation {unknown}
Potions
 c - 2 potions of curing {unknown}
 d - a potion of brilliance {unknown}
 f - a potion of might {unknown}
 j - 6 potions of heal wounds {unknown}
 m - 3 potions of degeneration {unknown}
 n - 2 potions of flight {unknown}
 x - a potion of cancellation {unknown}


   Skills:
 + Level 0.5 Fighting
 + Level 3.4 Armour
 + Level 2.7 Dodging
 + Level 2.3 Stealth
 + Level 0.9 Unarmed Combat
 + Level 6.5 Spellcasting


You had one spell level left.
You knew the following spells:

 Your Spells              Type           Power      Damage    Failure   Level
a - Foxfire               Conj/Fire      100%       2x1d9     2%          1
b - Scorch                Fire           64%        2d8       3%          2
c - Kindle Blastsparks    Fire/Tloc/Air  64%        2d15      6%          3
d - Inner Flame           Hex/Fire       32%        N/A       6%          3
e - Flame Wave            Conj/Fire      32%        2d9       22%         4
f - Summon Small Mammal   Summ           100%       N/A       2%          1
g - Wereblood             Tmut           32%        N/A       3%          2
h - Swiftness             Air            32%        N/A       6%          3
Your spell library was empty.

Dungeon Overview and Level Annotations

Branches:
Dungeon (6/15)
 Temple: D:4-7

Altars:
Ashenzari
Hepliaklqana
Makhleb
Nemelex Xobeh
Ru
The Shining One

Annotations:
D:2 caco behind stone
D:4 3 runed translucent doors, baller8008's ghost, novice HOFi


Innate Abilities, Weirdness & Mutations

Your life essence is reduced to manifest your ancestor. (-10% HP)
You are immune to sickness and miasma.
You are immune to poison.
Your flesh is very heat resistant. (rF++)
You are vulnerable to cold. (rC-)
You float through the air rather than walking.
You learn spells naturally, not from books.
Your magical power is your life essence.
You have superior vitality. (+4 MHP)


Message History

Casting: Scorch (safe; 3% risk of failure)
Confirm with . or Enter, or press ? or * to list all spells.
Flames lash the dart slug.
You kill the dart slug!
Casting: Scorch (safe; 3% risk of failure)
Confirm with . or Enter, or press ? or * to list all spells.
Flames lash the orc.
You kill the orc!
Mettia emerges from the mists of memory!
HP restored.
h - 55 stones (gained 4)
You swap places.
w - a scroll labelled BIMESE LAIPT
Things that are here:
a +0 giant club; an ogre corpse
x - a green potion
c - 2 metallic puce potions (gained 1)
p - 2 scrolls labelled KUORAAD YFIBYO (gained 1)
You now have 208 gold pieces (gained 10).
i - 3 scrolls labelled ZUC HATSEQ (gained 1)
A centaur comes into view.
The centaur shouts!
The centaur wields a +0 shortbow.
The centaur shoots an arrow.
The arrow misses you.
The centaur shoots an arrow.
The arrow hits you!
The centaur shoots an arrow.
The arrow hits you!
The centaur shoots an arrow.
The arrow hits you.
The centaur shoots an arrow.
The arrow hits you!
The centaur shoots an arrow.
The arrow hits you!
* * * LOW HITPOINT WARNING * * *
The centaur shoots an arrow.
The arrow barely misses you.
The arrow hits Mettia!
Casting: Scorch (safe; 3% risk of failure)
Confirm with . or Enter, or press ? or * to list all spells.
Flames lash the centaur.
The centaur is heavily wounded.
The centaur's fire resistance burns away.
* * * LOW HITPOINT WARNING * * *
The centaur shoots an arrow.
The arrow hits you!
You die...

# ###. #.#... .#...
..... ##### #?#...
#....... .. #########
##.###.#####)
....c..$####..#.....#...
#@R.....#.⌠.⌠.#...
#######....⌠.....)
#.#.⌠.⌠.#...
#.#.....#...
#.###.#####.
#.......#8..
###.##..#... #.##.....8
#####.##..#...


You could see the friendly Mettia the battlemage and a centaur (combustible,
ally target).

Vanquished Creatures
  A komodo dragon (D:5)
  Grinder (D:3)
  An ogre (D:4)
  A phantom (D:5)
  A howler monkey (D:4)
  A jelly (D:4)
  Terence (D:2)
  3 gnolls (D:4)
  3 adders
  A shadow imp (D:5)
  A worm (D:3)
  4 dart slugs
  4 orcs
  4 bats
  4 endoplasms
  4 giant cockroaches
  6 goblins
  5 hobgoblins
  6 jackals
  2 quokkas (D:1)
  6 ball pythons
  4 frilled lizards
  7 kobolds
  4 rats
75 creatures vanquished.

Vanquished Creatures (collateral kills)
  An ogre (D:5)
  A hound (D:4)
  A gnoll bouda (D:4)
  2 gnolls (D:4)
  2 adders (D:4)
  A bat (D:1)
  2 giant cockroaches
  3 goblins
  3 jackals
  2 kobolds
  A ball python (D:4)
19 creatures vanquished.

Vanquished Creatures (others)
  A battlemage (D:5)
  2 demonic plants (D:2)
  126 foxfires
129 creatures vanquished.

Grand Total: 223 creatures vanquished

Notes
Turn   | Place    | Note
-------+----------+-------------------------------------------
     0 | D:1      | snetch the Djinni Fire Elementalist began the quest for the
                  | Orb.
     0 | D:1      | snetch set off with the following spells memorised:
                  | Foxfire, Scorch, Kindle Blastsparks, Inner Flame, Flame
                  | Wave.
     0 | D:1      | Reached XP level 1. HP: 15/15 MP: 0/0
   104 | D:2      | Reached XP level 2. HP: 15/21 MP: 0/0
   234 | D:1      | Reached skill level 3 in Spellcasting
   331 | D:1      | Reached XP level 3. HP: 19/25 MP: 0/0
   331 | D:1      | Learned a level 1 spell: Summon Small Mammal
   936 | D:2      | Found a sacrificial altar of Ru.
   967 | D:3      | Reached XP level 4. HP: 22/31 MP: 0/0
  1124 | D:2      | Noticed Terence
  1131 | D:2      | Killed Terence
  1501 | D:2      | Found a faded altar of an unknown god.
  1501 | D:2      | Noticed a cacodemon
  1612 | D:2      | Prayed at the altar of an unknown god.
  1612 | D:2      | Became a worshipper of Hepliaklqana the Forgotten
  1612 | D:2      | Reached * piety under Hepliaklqana
  1722 | D:3      | Reached XP level 5. HP: 23/31 MP: 0/0
  1722 | D:3      | Learned a level 2 spell: Wereblood
  1829 | D:3      | Noticed Grinder
  1836 | D:3      | Killed Grinder
  1837 | D:3      | Reached skill level 1 in Armour
  1837 | D:3      | Reached skill level 4 in Spellcasting
  1837 | D:3      | Reached XP level 6. HP: 6/36 MP: 0/0
  2538 | D:4      | Found a broken altar of Ashenzari.
  2541 | D:4      | Found a runed translucent gate.
  2542 | D:4      | Found a runed translucent gate.
  2545 | D:4      | Reached skill level 5 in Spellcasting
  2550 | D:4      | Found a runed translucent gate.
  2550 | D:4      | Noticed baller8008's ghost (novice HOFi)
  2565 | D:4      | Reached XP level 7. HP: 27/40 MP: 0/0
  2565 | D:4      | Learned a level 3 spell: Swiftness
  2625 | D:4      | Reached ** piety under Hepliaklqana
  2626 | D:4      | Remembered your ancestor Mettia as a battlemage
  2707 | D:4      | Found a glowing golden altar of the Shining One.
  2900 | D:5      | Entered Level 5 of the Dungeon
  3184 | D:4      | Found a sparkling altar of Nemelex Xobeh.
  3190 | D:4      | You are sucked into a shaft and drop 2 floors!
  3314 | D:4      | Found a sacrificial altar of Ru.
  3315 | D:4      | Found a burning altar of Makhleb.
  3721 | D:5      | Reached skill level 6 in Spellcasting
  3721 | D:5      | Reached XP level 8. HP: 41/45 MP: 0/0
  3721 | D:5      | Noticed a komodo dragon
  3728 | D:5      | Killed a komodo dragon
  3831 | D:5      | Shot with an arrow by a centaur

Illustrated notes

Levels and vault maps discovered:
D:1:      minmay_arrival_checkered_box, layout_loops_ring
D:2:      layout_rooms, basic_altar, dreamdust_ecumenical_altar_sealed_demon,
          serial_co_window_serial, co_window_paths_a, co_window_paths_a,
          co_window_paths_a, co_window_corner_a, co_window_corner_a,
          co_window_of_opportunity_c, co_window_2corner, co_window_broadway_a,
          co_window_paths_d, glass_columns_b, glass_columns_b, glass_columns_a,
          uniq_terence
D:3:      layout_loops_ring, minmay_bisected, uniq_grinder
D:4:      layout_basic, mainiacjoe_overflow_paths, evilmike_ruin_ashenzari,
          amethyst_overflow_temple_binary, nemelex_altar_shiori,
          gammafunk_ghost_split
D:5:      layout_loops_ring, mainiacjoe_overflow_six_doors_small,
          nicolae_dithmenos_the_darkroom, grunt_decor_one_mirror,
          minmay_chambers_of_fives
D:6:      layout_basic, zin_angel, lemuel_coloured_pillars_altar,
          glass_columns_a, amcnicky_mini_pool_small

Skill      XL: |  1  2  3  4  5  6  7 |
---------------+----------------------+-----
Spellcasting   | 3 4 5 6 |  6.5
Armour         | 1 3 |  3.4
Stealth        | 2 |  2.3
Fighting       | |  0.5
Dodging        | |  2.7
Unarmed Combat | |  0.9

Action                   |  1- 3 |  4- 6 |  7- 9 || total
-------------------------+-------+-------+-------++-------
Melee: Unarmed           |    14 |     2 |       ||    16
       Dagger            |       |     7 |     6 ||    13
 Cast: Foxfire           |    37 |    23 |    16 ||    76
       Scorch            |     8 |    28 |    17 ||    53
       Summon Small Mamm |     3 |       |       ||     3
Invok: Ancestor Identity |       |     1 |       ||     1
       Recall Ancestor   |       |     1 |     1 ||     2
       Ancestor Life: Ba |       |       |     1 ||     1
Armor: Robe              |     8 |       |       ||     8
       Leather armour    |       |     4 |       ||     4
       Ring mail         |       |     1 |     2 ||     3
Dodge: Dodged            |    27 |     9 |     7 ||    43

Table legend: (Time is in decaauts)
 A = Elapsed time spent in this place.
 B = Non-inter-level travel time spent in this place.
 C = Inter-level travel time spent in this place.
 D = Time resting spent in this place.
 E = Time spent auto-exploring this place.
 F = Levels seen in this place.
 G = Mean time per level.
                   A        B        C        D        E       F      G
               +--------+--------+--------+--------+--------+-----+--------+
         Total |   3833 |   3577 |    256 |      0 |   2724 |   6 |  638.8 |
       Dungeon |   3833 |   3577 |    256 |      0 |   2724 |   6 |  638.8 |
               +--------+--------+--------+--------+--------+-----+--------+

Top non-repeatable levels by time:
     D:4: 1062 daAuts
     D:3: 874 daAuts
     D:2: 841 daAuts
     D:1: 840 daAuts
     D:5: 146 daAuts
     D:6: 68 daAuts
